 Dungeon Crawl Stone Soup version 0.25-a0-24-g72dcfe0359 (webtiles) character file.

Game seed: 12420118922912344521, levelgen mode: deterministic

515 Froggeryz the Cudgeler (level 7, -2/41 HPs)
             Began as a Kobold Chaos Knight on Oct 17, 2019.
             Was a Plaything of Xom.
             Slain by an ogre
             ... wielding a cursed +0 giant club
              (26 damage)
             ... on level 4 of the Dungeon.
             The game lasted 00:06:21 (4028 turns).

Froggeryz the Cudgeler (Kobold Chaos Knight)        Turns: 4028, Time: 00:06:21

Health: -2/41      AC:  5    Str: 10    XL:     7   Next: 44%
Magic:  7/7        EV: 17    Int: 15    God:    Xom [*.....]
Gold:   146        SH:  0    Dex: 14    Spells: 6/6 levels left

rFire    . . .     SeeInvis .   m - +3 whip
rCold    + . .     Gourm    .   (shield restricted)
rNeg     . . .     Faith    .   b - +2 leather armour
rPois    .         Spirit   .   (no helmet)
rElec    .         Reflect  .   (no cloak)
rCorr    .         Harm     .   (no gloves)
MR       .....                  (no boots)
Stlth    +.........             (no amulet)
HPRegen  0.13/turn              (no ring)
MPRegen  0.10/turn              (no ring)

@: no status effects
A: small, carnivore, cold resistance 1, screaming 1
a: Renounce Religion


You were on level 4 of the Dungeon.
You worshipped Xom.
You were a special plaything of Xom.
You were full.

You visited 1 branch of the dungeon, and saw 4 of its levels.

You collected 146 gold pieces.

Inventory:

Hand Weapons
 a - a +0 mace of chaos
 m - a +3 whip (weapon)
 n - a +0 flail
 o - a +2 hand axe of electrocution
Missiles
 f - 12 poisoned darts (quivered)
Armour
 b - a +2 leather armour (worn)
Scrolls
 d - 5 scrolls of teleportation {unknown}
 h - a scroll of magic mapping {unknown}
 j - a scroll of blinking {unknown}
 p - a scroll of remove curse {unknown}
 q - 3 scrolls of identify {unknown}
 s - 2 scrolls of enchant armour {unknown}
Potions
 e - 2 potions of degeneration {unknown}
 g - 2 potions of heal wounds {unknown}
 i - 2 potions of curing {unknown}
 k - 2 potions of might {unknown}
 l - a potion of cancellation {unknown}
 r - a potion of brilliance {unknown}
Comestibles
 c - 4 rations


   Skills:
 - Level 3.2 Fighting
 * Level 6.1 Maces & Flails
 - Level 0.7 Armour
 + Level 5.5 Dodging


You had 6 spell levels left.
You didn't know any spells.
Your spell library was empty.

Dungeon Overview and Level Annotations

Branches:
Dungeon (4/15)
 Temple: D:4-7

Altars:
Ashenzari
Yredelemnul

Annotations:
D:4 1 transporter


Innate Abilities, Weirdness & Mutations

You are small and have problems with some larger weapons.
You are carnivorous and can eat meat at any time.
Your flesh is cold resistant. (rC+)
You occasionally shout uncontrollably at your foes.


Message History

The ogre hits you with a cursed +0 giant club!
You barely miss the ogre.
The ogre is moderately wounded.
The ogre misses you.
You barely miss the ogre.
The ogre is moderately wounded.
You hit the ogre.
The ogre is moderately wounded.
The giant cockroach completely misses you.
The ogre closely misses you.
You hit the ogre.
The ogre is heavily wounded.
You almost hear Xom's maniacal laughter.
A monocle briefly appears over your left eye.
The giant cockroach misses you.
You hit the ogre.
The ogre is severely wounded.
The ogre hits you with a cursed +0 giant club!!
Ouch! That really hurt!
You die...

..###.#..# * *
*#......... , , ,
##.P.P...# * , *,#
#..._....# **
#.#.*#..P.P...## , ,*
#.#.##..........,,,, *
* #.......Os...... , ,
* * ###.......@.....#**
*, * , ...............#
* * ,, *
#.............#* ,* **
,#.....#.#.###...,,,,
,#.#...........##** , *
,#.###.....###.# *,* *
#.#......<......# *,*
#.#.........##..#****,*
*
#.#.........#....,,,,,*


You could see an ogre and a giant cockroach.

Vanquished Creatures
  An ogre (D:4)
  A bullfrog (D:4)
  A centaur zombie (D:3)
  A jelly (D:3)
  2 orc priests
  An orc wizard (D:4)
  Jessica (D:2)
  A worker ant (D:4)
  4 adders
  4 gnolls
  An ooze (D:1)
  4 worms (D:2)
  3 dart slugs
  4 leopard geckos
  2 orcs (D:3)
  6 bats
  4 giant cockroaches
  7 goblins
  6 hobgoblins
  6 jackals
  A quokka (D:2)
  4 frilled lizards
  5 kobolds
  8 rats
78 creatures vanquished.

Vanquished Creatures (others)
  A bat (D:3)
1 creature vanquished.

Grand Total: 79 creatures vanquished

Notes
Turn   | Place    | Note
-------+----------+-------------------------------------------
     0 | D:1      | Froggeryz the Kobold Chaos Knight began the quest for the
                  | Orb.
     0 | D:1      | Reached XP level 1. HP: 14/14 MP: 1/1
    68 | D:1      | XOM: divination: detect items
    82 | D:1      | Reached skill level 3 in Maces & Flails
    82 | D:1      | Reached XP level 2. HP: 16/19 MP: 2/2
   212 | D:1      | XOM: chaos cloud
   465 | D:1      | Reached XP level 3. HP: 23/23 MP: 3/3
  1024 | D:2      | Reached XP level 4. HP: 28/28 MP: 4/4
  1061 | D:2      | Noticed Jessica
  1068 | D:2      | Killed Jessica
  1068 | D:2      | Reached skill level 4 in Maces & Flails
  1073 | D:2      | XOM: give mutations
  1073 | D:2      | Gained mutation: Your flesh is cold resistant. (rC+) [Xom's
                  | mischief]
  1073 | D:2      | Gained mutation: You occasionally shout uncontrollably at
                  | your foes. [Xom's mischief]
  1385 | D:2      | Reached XP level 5. HP: 32/32 MP: 5/5
  1574 | D:2      | XOM: mild Pois miscast
  1981 | D:3      | XOM: cloud trail
  2362 | D:3      | Reached XP level 6. HP: 36/37 MP: 6/6
  2484 | D:3      | Reached skill level 5 in Maces & Flails
  2678 | D:4      | XOM: butterfly on damage
  2678 | D:4      | Noticed an ogre
  2933 | D:4      | Noticed an ogre
  2962 | D:2      | XOM: divination: magic mapping
  3313 | D:4      | Noticed an ogre
  3322 | D:4      | Killed an ogre
  3322 | D:4      | Reached skill level 5 in Dodging
  3322 | D:4      | Reached XP level 7. HP: 6/41 MP: 7/7
  3465 | D:4      | XOM: harmless Hex miscast
  3505 | D:4      | XOM: divination: magic mapping
  3587 | D:4      | XOM: 1-stop teleportation journey
  3616 | D:4      | Found a shattered altar of Ashenzari.
  3700 | D:4      | XOM: mild Fire miscast
  3866 | D:4      | Found a transporter.
  3869 | D:4      | Noticed a fire bat
  3869 | D:4      | Noticed a fire bat
  3965 | D:4      | XOM: chaos cloud
  3973 | D:4      | Reached skill level 6 in Maces & Flails
  4016 | D:4      | Found a basalt altar of Yredelemnul.
  4027 | D:4      | XOM: silly message
  4028 | D:4      | Slain by an ogre

Levels and vault maps discovered:
D:1:      lightli_molten_gateway, layout_basic
D:2:      layout_rooms, first_ration, minmay_pentomino_z4, uniq_jessica
D:3:      layout_loops_ring
D:4:      gammafunk_cloud_chamber, layout_loops_ring, yredelemnul_altar_generic,
          lemuel_coloured_pillars_altar

Skill      XL: |  1  2  3  4  5  6  7 |
---------------+----------------------+-----
Maces & Flails | 3 4 5 6 |  6.1
Dodging        | 3 4 5 |  5.5
Fighting       | |  3.2
Armour         | |  0.7

Action                   |  1- 3 |  4- 6 |  7- 9 || total
-------------------------+-------+-------+-------++-------
Melee: Mace              |    89 |   160 |       ||   249
       Whip              |       |    19 |    46 ||    65
       Flail             |       |    16 |       ||    16
Throw: Dart              |       |       |     2 ||     2
 Stab: Paralysed         |       |     2 |       ||     2
       Confused          |       |     1 |       ||     1
  Eat: Chunk             |     7 |     9 |       ||    16
Armor: Leather armour    |    36 |    58 |     4 ||    98
Dodge: Dodged            |    72 |   180 |    34 ||   286

Table legend:
 A = Non-vault XP
 B = Vault XP
 C = Vault XP percentage of total XP
 D = Non-vault monster count
 E = Vault monster count
 F = Vault count percentage of total count
                 A         B        C        D         E       F
            +---------+---------+-------+---------+---------+-------
      Total |     695 |      42 |   5.7 |      75 |       4 |   5.1
            +---------+---------+-------+---------+---------+-------
        D:1 |      38 |       0 |   0.0 |      20 |       0 |   0.0
        D:2 |      97 |      42 |  30.2 |      26 |       4 |  13.3
        D:3 |     208 |       0 |   0.0 |      19 |       0 |   0.0
        D:4 |     352 |       0 |   0.0 |      10 |       0 |   0.0
            +---------+---------+-------+---------+---------+-------
